 Dungeon Crawl Stone Soup version 0.24.0-2-g5b39cebb1c (webtiles) character file.

Game seed: 11797313648946449823, levelgen mode: deterministic

55 Arixos the Conjurer (level 3, 5/35 HPs)
             Began as an Ogre Conjurer on Oct 31, 2019.
             Quit the game on level 2 of the Dungeon.
             The game lasted 00:03:56 (1809 turns).

Arixos the Conjurer (Ogre Conjurer)                 Turns: 1809, Time: 00:03:56

Health: 5/35       AC:  3    Str: 12    XL:     3   Next: 93%
Magic:  0/7        EV: 10    Int: 17    God:
Gold:   44         SH:  0    Dex:  9    Spells: 7/8 levels left

rFire    . . .     SeeInvis .   f - +0 dagger
rCold    . . .     Gourm    .   (no shield)
rNeg     . . .     Faith    .   a - +0 robe
rPois    .         Spirit   .   (helmet restricted)
rElec    .         Reflect  .   (no cloak)
rCorr    .         Harm     .   (gloves unavailable)
MR       .....                  (boots unavailable)
Stlth    +.........             (no amulet)
HPRegen  0.11/turn              (no ring)
MPRegen  0.10/turn              (no ring)

@: lethally poisoned (5 -> -1), hasted, very quick
A: large, unfitting armour, tough skin 1
a: no special abilities


You were on level 2 of the Dungeon.
You were not hungry.

You visited 1 branch of the dungeon, and saw 2 of its levels.

You collected 44 gold pieces.

Inventory:

Hand Weapons
 f - a +0 dagger (weapon)
Armour
 a - a +0 robe (worn)
Scrolls
 b - a scroll of teleportation {unknown}
 e - a scroll of amnesia {unknown}
 g - a scroll of identify {unknown}
 h - a scroll of blinking {unknown}
 i - a scroll of enchant armour {unknown}
Comestibles
 c - 2 rations


   Skills:
 + Level 1.9 Fighting
 + Level 2.3 Dodging
 - Level 1.4 Stealth
 + Level 3.0 Spellcasting
 * Level 4.0 Conjurations


You had 7 spell levels left.
You knew the following spells:

 Your Spells              Type           Power        Failure   Level  Hunger
a - Magic Dart            Conj           ###.         3%          1    None

Your spell library contained the following spells:

 Spells                   Type           Power        Failure   Level  Hunger
 Searing Ray              Conj           ###...       4%          2    ##.....
 Dazzling Spray           Conj/Hex       #.....       22%         3    ###....
 Iskenderun's Mystic Bla  Conj           ###.....     32%         4    ####...
 Force Lance              Conj/Tloc      #.......     58%         4    ####...
 Fulminant Prism          Conj/Hex       #.........   58%         4    ####...


Dungeon Overview and Level Annotations

Branches:
Dungeon (2/15)

Altars:


Innate Abilities, Weirdness & Mutations

You are too large for most types of armour.
You have tough skin. (AC +1)


Message History

You kill the adder!
You feel sick.
Casting: Magic Dart (safe; 3% risk of failure)
Confirm with . or Enter, or press ? or * to list all spells.
You don't have enough magic to cast that spell.
Firing (i - inventory) No suitable missiles.
Press: ? - help, Shift-Dir - straight line, f - rat
Aim: a rat
Okay, then.
You closely miss the rat.
You feel sick. The rat bites you.
You hit the rat but do no damage. The rat bites you.
* * * LOW HITPOINT WARNING * * *
You barely miss the rat.
You feel sick. The rat bites you.
* * * LOW HITPOINT WARNING * * *
You closely miss the rat.
* * * LOW HITPOINT WARNING * * *
You feel sick. The rat closely misses you.
It was a potion of haste.
You feel yourself speed up. The rat closely misses you.
Are you sure you want to abandon this character and quit the game? (Confirm with "yes".)

#.# #.# #.# #.#
########.#####
#............#
#.......####.###
#..........#...#
#.......##.###@# #######
#.......##.#<#r##.......
#............#r..†#
######.#.#.#.#....S.#
#.#.#)###....#r#
#.#.#.#......# ..
#.#.#.#......# .#
#.#.#.#....... ..
#...#.#......## ?


You could see 2 rats.

Vanquished Creatures
  2 adders (D:2)
  2 oozes (D:1)
  A leopard gecko (D:1)
  5 goblins (D:1)
  4 hobgoblins
  A ball python (D:2)
  3 bats (D:1)
  A frilled lizard (D:1)
  5 kobolds (D:1)
  5 rats (D:1)
29 creatures vanquished.

Notes
Turn   | Place    | Note
-------+----------+-------------------------------------------
     0 | D:1      | Arixos the Ogre Conjurer began the quest for the Orb.
     0 | D:1      | Reached XP level 1. HP: 16/16 MP: 3/3
   285 | D:1      | Reached XP level 2. HP: 6/26 MP: 0/5
   538 | D:1      | Reached skill level 1 in Fighting
   994 | D:1      | Reached XP level 3. HP: 33/33 MP: 5/7
  1788 | D:2      | Reached skill level 4 in Conjurations
  1809 | D:2      | Quit the game

Levels and vault maps discovered:
D:1:      erik_arrival_gehennom, layout_basic
D:2:      layout_basic, fedhas_ov_isle_minmay, lemuel_coloured_pillars_altar,
          first_ration, minmay_indecisive_spiral

Skill      XL: |  1  2  3 |
---------------+----------+-----
Fighting       | 1 |  1.9
Dodging        | 2 |  2.3
Spellcasting   | 3 |  3.0
Conjurations   | 4 |  4.0
Stealth        | |  1.4

Action                   || total
-------------------------++-------
Melee: Unarmed           ||    36
       Dagger            ||    12
 Cast: Magic Dart        ||    63
  Use: Potion            ||     1
  Eat: Chunk             ||     3
Armor: Robe              ||    17
Dodge: Dodged            ||    26
